 Dungeon Crawl Stone Soup version 0.19.5 (webtiles) character file.

65905 MenacingMecha the Fencer (level 15, -17/101 HPs)
             Began as a Halfling Berserker on Dec 11, 2016.
             Was a High Priest of Trog.
             Demolished by an orc warrior
             ... wielding a +0 trident
             ... led by an orc knight
              (29 damage)
             ... on level 2 of the Orcish Mines on May 2, 2017.
             The game lasted 01:59:43 (27724 turns).

MenacingMecha the Fencer (Halfling Berserker)      Turns: 27724, Time: 01:59:44

Health: -17/101    AC: 15    Str: 18    XL:     15   Next: 60%
Magic:  19/19      EV: 21    Int:  3    God:    Trog [*****.]
Gold:   1967       SH:  0    Dex: 21    Spells: 0 memorised, 14 levels left

rFire  + + +     SeeInvis .     a - +1 long sword (venom)
rCold  + . .     Gourm    .     l - +3 scale mail {rF+}
rNeg   . . .     Faith    .     (shield restricted)
rPois  +         Spirit   .     t - +1 helmet
rElec  .         Reflect  .     C - +0 cloak
rCorr  .         Harm     .     (no gloves)
MR     ++...     NoTele   +     (no boots)
Stlth  ++........               (no amulet)
                                x - ring of protection from fire
                                K - ring "Fuemit" {-Tele rPois rF+ rC+ MR+}

@: exhausted, slowed, very slow
A: dopey 1, mutation resistance 1
a: Berserk, Trog's Hand, Brothers in Arms, Burn Spellbooks, Renounce Religion


You were on level 2 of the Orcish Mines.
You worshipped Trog.
Trog was extremely pleased with you.
You were near starving.

You visited 4 branches of the dungeon, and saw 18 of its levels.
You also visited: Labyrinth, Sewer and Volcano.

You collected 1967 gold pieces.

Inventory:

Hand Weapons
 a - a +1 long sword of venom (weapon)
 b - a +3 hunting sling of flaming
 q - a +0 bardiche of flaming
 s - a +0 rapier of flaming
 J - a +1 antimagic short sword
Missiles
 d - 583 stones (quivered)
 n - 155 sling bullets
Armour
 l - a +3 scale mail of fire resistance (worn)
 o - a +3 leather armour of fire resistance
 t - a +1 helmet (worn)
 u - a +2 chain mail of fire resistance
 B - a +2 leather armour of cold resistance
 C - a +0 cloak (worn)
Rods
 r - a -3 rod of shadows (12/12)
   (You took it off an orc on level 5 of the Dungeon)
Jewellery
 x - a ring of protection from fire (right hand)
 z - an uncursed ring of ice
 K - the ring "Fuemit" (left hand) {-Tele rPois rF+ rC+ MR+}
   (You found it on level 10 of the Dungeon)

   [ring of poison resistance]

   It protects you from fire.
   It protects you from cold.
   It protects you from poison.
   It affects your resistance to hostile enchantments.
   It prevents most forms of teleportation.
 Z - an uncursed ring of ice
Wands
 I - a wand of acid (3/15)
 N - a wand of lightning (7/15)
 Q - a wand of lightning (6/15)
 R - a wand of acid (6/15)
 S - a wand of iceblast (7/15)
Scrolls
 e - 2 scrolls of magic mapping
 f - 9 scrolls of remove curse
 g - 11 scrolls of identify
 i - 2 scrolls of fog
 p - a scroll of fear
 v - 3 scrolls of recharging
 y - 4 scrolls of teleportation
 A - 4 scrolls of immolation
 D - 2 scrolls of blinking
 V - a scroll of acquirement {unknown}
Potions
 j - a potion of berserk rage
 k - a potion of lignification
 m - 6 potions of flight
 E - a potion of heal wounds
 G - a potion of curing
 H - a potion of invisibility
 M - 2 potions of resistance
 T - a potion of agility
 U - 2 potions of might
Miscellaneous
 F - a phial of floods
Comestibles
 c - 6 bread rations
 h - 4 beef jerkies
 w - 11 chunks of flesh


   Skills:
 - Level 9.2 Fighting
 - Level 15.4 Long Blades
 - Level 12.0 Slings
 - Level 9.1 Armour
 + Level 10.9 Dodging
 - Level 6.3 Stealth
 + Level 6.6 Evocations


You had 14 spell levels left.
You didn't know any spells.

Dungeon Overview and Level Annotations

Branches:
Dungeon (11/15)            Temple (1/1) D:7            Lair (4/6) D:11
 Shoals (0/4) Lair:3        Snake (0/4) Lair:4          Orc (2/2) D:9
    Elf (0/3) Orc:2

Altars:
Ashenzari
Cheibriados
Dithmenos
Elyvilon
Fedhas
Gozag
Hepliaklqana
Kikubaaqudgha
Makhleb
Nemelex Xobeh
Okawaru
Qazlal
Ru
Sif Muna
Trog
Uskayaw
Vehumet
Xom
Yredelemnul
Zin
The Shining One

Shops:
D:5 [   D:11 (   Orc:1 *

Portals:
Trove: D:10 (give +2 gold dragon scales)

Annotations:
D:8 randart double sword, need digging
D:11 hill giant! 8 head hydra!, Harold
Lair:2 stash
Lair:4 5 head hydra!


Innate Abilities, Weirdness & Mutations

You are small and have problems with some larger weapons.
You are somewhat resistant to further mutation.
You are dopey. (Int -2)


Message History

The orc warrior is lightly wounded.
The orc barely misses you.
The orc warrior hits you with a battleaxe!
* * * LOW HITPOINT WARNING * * *
You feel a strong urge to attack something.
The orc warrior hits you but does no damage.
You slash the orc!
You kill the orc!
Trog accepts your kill.
You are no longer berserk.
You are exhausted.
You feel yourself slow down. The orc warrior misses you.
The orc warrior barely misses you.
You barely miss the orc warrior.
The orc warrior is lightly wounded.
The orc warrior misses you. The orc warrior closely misses you.
Your ogre goes berserk!
You are near starving!
The orc warrior hits you from afar with a trident!!
You die...

#........)..........(...#
#..................(....##
##.......................#
#.......................#
#.............#......#
##.........)...#.##.##
##..........o.O.### ##
#..........#[....#
##..........@o...##
##.....#..#......#
#...#...####.##.##
##.###.## ###### ### ###


You could see 2 orc warriors and a friendly ogre (berserk).

Vanquished Creatures
  A minotaur (Lab)
  An ettin (Orc:2)
  Snorg (D:11)
  A hydra (Lair:4)
  Fannar (Lair:1)
  The ghost of Tynka the Cleaver, a novice DDFi of Kikubaaqudgha (D:8)
  The ghost of coldbreeze the Basher, a novice VSGl of Nemelex Xobeh (D:9)
  An obsidian statue (Volcano)
  A hill giant (D:11)
  3 orc sorcerers
  An orc knight (Orc:2)
  The ghost of sreda the Carver, a novice HEGl of Okawaru (D:7)
  2 ugly things (Volcano)
  A cyclops (D:11)
  A siren (Lair:3)
  A smoke demon (Volcano)
  12 spiny frogs
  Joseph (Lair:1)
  3 komodo dragons
  3 merfolk
  A hornet (D:9)
  2 trolls
  15 blink frogs
  Grinder (D:4)
  6 hippogriffs
  25 yaks
  2 wyverns
  A human (D:7)
  4 hogs (D:7)
  5 fire bats (Volcano)
  6 hungry ghosts
  A basilisk (Lair:1)
  Menkaure (D:5)
  4 nagas (Lair:4)
  5 soldier ants (D:5)
  2 wargs
  9 water moccasins
  A hell hound (Volcano)
  6 porcupines
  3 black bears
  13 orc warriors
  3 sky beasts
  2 necrophages (D:11)
  3 phantoms
  3 eyes of draining (D:8)
  5 ice beasts
  12 ogres
  5 wolves
  4 centaurs
  9 crocodiles
  2 big kobolds
  3 gnoll sergeants
  18 bullfrogs
  5 scorpions
  A wyvern skeleton (D:7)
  A water moccasin skeleton (D:9)
  15 killer bees
  6 wights
  4 howler monkeys
  5 lava snakes (Volcano)
  3 crimson imps
  A bullfrog zombie (D:9)
  2 centaur zombies
  3 jellies
  19 orc wizards
  10 orc priests
  A bullfrog skeleton (D:11)
  A hound (D:7)
  2 centaur skeletons (D:5)
  4 iguanas (D:8)
  Terence (D:3)
  14 worker ants
  2 hound zombies (D:8)
  A worker ant zombie (D:8)
  Robin (D:2)
  9 gnolls
  11 adders
  A river rat (D:3)
  3 shadow imps
  5 oozes
  11 worms
  A dart slug (D:2)
  5 leopard geckos
  68 orcs
  6 giant cockroaches
  16 goblins
  15 hobgoblins
  21 jackals
  10 kobolds
  4 quokkas
  5 ball pythons
  A ball python skeleton (D:4)
  8 bats
  5 frilled lizards
  A leopard gecko skeleton (D:6)
  A leopard gecko zombie (D:6)
  12 rats
541 creatures vanquished.

Vanquished Creatures (collateral kills)
  An orc wizard (D:9)
  2 orcs (D:9)
3 creatures vanquished.

Vanquished Creatures (others)
  8 fungi
  21 plants
29 creatures vanquished.

Grand Total: 573 creatures vanquished

Notes
Turn   | Place    | Note
-------+----------+-------------------------------------------
     0 | D:1      | MenacingMecha the Halfling Berserker began the quest for the Orb.
     0 | D:1      | Reached XP level 1. HP: 15/15 MP: 1/1
    82 | D:1      | Reached XP level 2. HP: 20/20 MP: 2/2
   509 | D:1      | Found a sparkling altar of Nemelex Xobeh.
   914 | D:2      | Reached skill level 4 in Long Blades
   914 | D:2      | Reached XP level 3. HP: 22/25 MP: 3/3
  1031 | D:2      | Reached ** piety under Trog
  1421 | D:2      | Noticed Robin
  1434 | D:2      | Killed Robin
  1434 | D:2      | Reached XP level 4. HP: 30/30 MP: 4/4
  1846 | D:2      | Reached skill level 5 in Long Blades
  1972 | D:2      | Found a stormy altar of Qazlal.
  2218 | D:3      | Noticed Terence
  2227 | D:3      | Killed Terence
  2227 | D:3      | Reached XP level 5. HP: 36/36 MP: 5/5
  2277 | D:3      | Upgraded the game from 0.19.1 to 0.19.5
  2306 | D:3      | Reached *** piety under Trog
  2380 | D:3      | Found a glowing drain.
  2389 | Sewer    | Entered a sewer
  2941 | Sewer    | Reached XP level 6. HP: 40/42 MP: 6/6
  4084 | D:4      | Noticed a phantom
  4162 | D:4      | !phantom
  4322 | D:4      | Reached skill level 6 in Long Blades
  4327 | D:4      | Noticed Grinder
  4351 | D:4      | Killed Grinder
  4351 | D:4      | Reached XP level 7. HP: 46/46 MP: 7/7
  4975 | D:3      | Reached **** piety under Trog
  5082 | D:3      | Found a snail-covered altar of Cheibriados.
  5568 | D:5      | Entered Level 5 of the Dungeon
  5657 | D:5      | Noticed a water moccasin
  5658 | D:5      | Noticed a soldier ant
  5671 | D:5      | Noticed a water moccasin
  5674 | D:5      | Noticed Menkaure
  5693 | D:5      | Killed Menkaure
  5693 | D:5      | Reached skill level 7 in Long Blades
  5693 | D:5      | Reached XP level 8. HP: 52/52 MP: 8/8
  5755 | D:5      | Found a runed door.
  5758 | D:5      | Found a runed gate.
  5771 | D:5      | Found a runed gate.
  5771 | D:5      | Found a runed gate.
  5779 | D:5      | Found a runed door.
  6387 | D:5      | Reached skill level 8 in Long Blades
  6742 | D:5      | Found Luci Omo's Armour Emporium.
  7206 | D:6      | Reached skill level 9 in Long Blades
  7223 | D:6      | Reached XP level 9. HP: 20/57 MP: 9/9
  7823 | D:6      | Reached skill level 10 in Long Blades
  8091 | D:7      | Noticed sreda's ghost (novice HEGl)
  8191 | D:7      | Found a hide-covered altar of Uskayaw.
  8191 | D:7      | Noticed a hand axe
  8192 | D:7      | Noticed a dagger
  8224 | D:7      | Found a radiant altar of Vehumet.
  8570 | D:7      | Reached skill level 1 in Slings
  8933 | D:7      | Found a staircase to the Ecumenical Temple.
  8942 | Temple   | Entered the Ecumenical Temple
  9085 | D:7      | Reached skill level 5 in Slings
  9099 | D:7      | Received a gift from Trog
  9110 | D:7      | Reached skill level 11 in Long Blades
  9121 | D:7      | Reached XP level 10. HP: 44/63 MP: 10/10
  9790 | D:7      | Reached skill level 12 in Long Blades
 10007 | D:8      | Reached skill level 5 in Dodging
 10109 | D:8      | Noticed Tynka's ghost (novice DDFi)
 10434 | D:7      | Received a gift from Trog
 11818 | D:8      | Reached skill level 5 in Fighting
 11897 | D:8      | Reached XP level 11. HP: 64/71 MP: 11/11
 11930 | D:8      | Reached ***** piety under Trog
 12072 | D:8      | Found a bloodstained altar of Trog.
 12150 | D:9      | Found a staircase to the Orcish Mines.
 12401 | D:9      | Noticed coldbreeze's ghost (novice VSGl)
 12414 | D:9      | Received a gift from Trog
 12695 | D:7      | Killed sreda's ghost
 12695 | D:7      | Reached skill level 13 in Long Blades
 13663 | D:9      | Found a shattered altar of Ashenzari.
 13670 | D:9      | Found a shimmering altar of Xom.
 13670 | D:9      | Found a shadowy altar of Dithmenos.
 13679 | D:9      | Found a glowing silver altar of Zin.
 13680 | D:9      | Found a hazy altar of Hepliaklqana.
 13818 | D:9      | Found an iron altar of Okawaru.
 14103 | D:10     | Entered Level 10 of the Dungeon
 14126 | D:10     | Got a transparent wooden ring
 14130 | D:10     | Identified the ring "Fuemit" {-Tele rPois rF+ rC+ MR+} (You found it on level 10 of the Dungeon)
 14227 | D:10     | Found a portal to a secret trove of treasure.
 15133 | D:10     | Received a gift from Trog
 15616 | D:11     | Noticed Harold
 15978 | D:10     | Reached skill level 14 in Long Blades
 16303 | D:11     | Noticed an eight-headed hydra
 16346 | D:11     | Received a gift from Trog
 16379 | D:11     | Noticed a hill giant
 16389 | D:11     | Reached XP level 12. HP: 55/77 MP: 12/12
 16692 | D:11     | Found Senitine's Antique Weapon Boutique.
 17050 | D:11     | Reached skill level 1 in Stealth
 17050 | D:11     | Reached skill level 1 in Evocations
 17463 | D:5      | Reached skill level 10 in Slings
 17469 | D:5      | Received a gift from Trog
 17756 | D:8      | Killed Tynka's ghost
 17796 | D:8      | Reached XP level 13. HP: 90/90 MP: 15/15
 17797 | D:8      | Gained mutation: You are dopey. (Int -2) [potion of mutation]
 18122 | D:11     | Noticed Snorg
 18136 | D:11     | Killed Snorg
 18136 | D:11     | Reached skill level 5 in Stealth
 18177 | D:11     | Found a staircase to the Lair.
 18260 | Lair:1   | Entered Level 1 of the Lair of Beasts
 18365 | Lair:1   | Noticed Fannar
 18480 | Lair:1   | Reached skill level 5 in Armour
 18565 | Lair:1   | Found a labyrinth entrance.
 18593 | Lair:1   | Reached skill level 15 in Long Blades
 18593 | Lair:1   | Reached XP level 14. HP: 97/97 MP: 16/16
 18595 | Lab      | Entered a labyrinth
 18737 | Lab      | Received a gift from Trog
 18921 | Lab      | Got a brightly glowing glaive
 19656 | Lair:1   | Noticed Joseph
 19685 | Lair:1   | Killed Joseph
 20177 | Lair:1   | Killed Fannar
 20780 | Lair:2   | Received a gift from Trog
 21478 | Lair:3   | Found a staircase to the Shoals.
 21957 | Lair:3   | Reached XP level 15. HP: 70/101 MP: 17/17
 22302 | Lair:3   | Reached skill level 10 in Dodging
 22517 | Lair:3   | Received a gift from Trog
 23302 | Lair:3   | Received a gift from Trog
 24192 | Lair:4   | Found a staircase to the Snake Pit.
 24578 | Lair:2   | Reached skill level 5 in Evocations
 24855 | D:9      | Killed coldbreeze's ghost
 25071 | Orc:1    | Entered Level 1 of the Orcish Mines
 25130 | Orc:1    | Found a dark tunnel.
 25141 | Volcano  | Entered a volcano
 25480 | Volcano  | Found a bloodstained altar of Trog.
 26034 | Orc:1    | Found Geong's General Store.
 26503 | Orc:2    | Entered Level 2 of the Orcish Mines
 26550 | Orc:2    | Paralysed by an orc sorcerer for 2 turns
 27646 | Orc:2    | Found a staircase to the Elven Halls.
 27724 | Orc:2    | Demolished by an orc warrior

Skill      XL: |  1  2  3  4  5  6  7  8  9 10 11 12 13 14 15 |
---------------+----------------------------------------------+-----
Long Blades    | 4 5 6 7 9 11 12 14 15 | 15.4
Fighting       | 3 5 9 |  9.2
Dodging        | 3 4 6 8 9 10 | 10.9
Armour         | 4 5 9 |  9.1
Slings         | 5 6 9 10 11 12 | 12.0
Stealth        | 4 5 6 |  6.3
Evocations     | 3 6 |  6.6

Action                   |  1- 3 |  4- 6 |  7- 9 | 10-12 | 13-15 || total
-------------------------+-------+-------+-------+-------+-------++-------
Melee: Falchion          |    87 |   284 |   435 |   126 |       ||   932
       Long sword        |       |       |       |   726 |   770 ||  1496
 Fire: Hunting sling     |       |     2 |    37 |   121 |   207 ||   367
Throw: Stone             |    34 |    26 |       |       |       ||    60
Invok: Berserk           |     3 |     3 |     8 |     4 |     7 ||    25
       Trog's Hand       |       |     1 |       |     1 |     3 ||     5
       Burn Spellbooks   |       |       |       |     2 |       ||     2
       Brothers in Arms  |       |       |       |     1 |     2 ||     3
  Use: Scroll            |       |     3 |     9 |     6 |     2 ||    20
       Potion            |       |     1 |     4 |    10 |     3 ||    18
 Stab: Sleeping          |       |       |       |       |     7 ||     7
       Distracted        |       |       |       |       |     1 ||     1
  Eat: Chunk             |     3 |    13 |    23 |    29 |    23 ||    91
       Fruit             |       |       |       |     4 |     1 ||     5
       Beef jerky        |       |       |       |     2 |     3 ||     5
       Pizza             |       |       |       |     1 |     1 ||     2
       Royal jelly       |       |       |       |       |     2 ||     2
       Meat ration       |       |       |       |       |     1 ||     1
       Bread ration      |       |       |       |       |     1 ||     1
Armor: Leather armour    |    13 |    53 |       |       |     6 ||    72
       Ring mail         |       |       |    38 |       |       ||    38
       Scale mail        |       |       |    68 |   217 |   177 ||   462
Dodge: Dodged            |    53 |   216 |   265 |   559 |   658 ||  1751
       Rpst.: Falchion   |     8 |    63 |    90 |    32 |       ||   193
       Long sword        |       |       |       |   133 |   175 ||   308
